 Dungeon Crawl Stone Soup version 0.31-a0-819-gf6de2f5ab6 (webtiles) character file.

Game seed: 8061804704932058616

1813 avis the Nimble (level 8, -6/38 HPs)
             Began as a Felid Shapeshifter on Sept 24, 2023.
             Was an Initiate of Gozag.
             Killed from afar by a gargoyle (21 damage)
             ... with a stone arrow
             ... on level 7 of the Dungeon on Sept 25, 2023.
             The game lasted 00:32:52 (6189 turns).

avis the Nimble (Felid Shapeshifter)                Turns: 6189, Time: 00:32:53

Health: -6/38      AC:  2    Str: 12    XL:     8   Next: 84%
Magic:  13/13      EV: 22    Int: 17    God:    Gozag
Gold:   392        SH:  0    Dex: 16    Spells: 11/13 levels left
                                        Lives:  0   Deaths: 3

rFire   + +          .
                       - Unarmed
rCold   + . .        (shield unavailable)
rNeg    . . .        (body armour unavailable)
rPois   +            (helmet unavailable)
rElec   +            (cloak unavailable)
rCorr   +            (gloves unavailable)
SInv    +            (boots unavailable)
Will    +....        (no amulet)
Stlth   +++          a - ring of protection from fire
HPRegen 0.26/turn    d - +6 ring of intelligence
MPRegen 0.13/turn

%: no passive effects
@: beast-form, resistant, gold aura, hasted, very quick
A: beast (slay +3), very small, claws 1, fangs 3, see invisible, speed 1, shaggy
fur 2, stealthy paws, no weapons or thrown items, no armour, multi-lived
a: Begin Untransformation, Renounce Religion, Potion Petition, Call Merchant,
Bribe Branch


You were on level 7 of the Dungeon.
You worshipped Gozag.
Gozag was aware of your devotion.
You were a hulking beast.
You visited 2 branches of the dungeon, and saw 8 of its levels.

You collected 491 gold pieces.
You paid 99 gold pieces to Gozag.

Inventory:

Jewellery
 a - a ring of protection from fire (left paw)
 d - a +6 ring of intelligence (right paw)
 i - an amulet of faith
Talismans
 b - a beast talisman (active)
 c - a flux talisman
Scrolls
 e - a scroll of acquirement {unknown}
 f - 2 scrolls of amnesia {unknown}
 j - a scroll of poison {unknown}
 m - a scroll of teleportation {unknown}
 n - a scroll of vulnerability {unknown}
 o - a scroll of fear {unknown}
Potions
 k - 3 potions of berserk rage
 p - a potion of resistance


   Skills:
 - Level 6.0 Fighting
 - Level 9.0 Dodging
 - Level 6.0 Stealth
 - Level 3.0 Unarmed Combat
 + Level 3.1 Spellcasting
 - Level 2.0 Translocations
 - Level 5.3 Shapeshifting


You had 11 spell levels left.
You knew the following spells:

 Your Spells              Type           Power      Damage    Failure   Level
b - Blink                 Tloc           18%        N/A       12%         2

Your spell library contained the following spells:

 Spells                   Type           Power      Damage    Failure   Level
 Lesser Beckoning         Tloc           18%        N/A       12%         2
 Necrotise                Necr           8%         1d4       17%         1
 Momentum Strike          Conj/Tloc      12%        3d8       17%         2
 Scorch                   Fire           4%         2d5       26%         2
 Volatile Blastmotes      Fire/Tloc      12%        2d11      34%         3
 Vampiric Draining        Necr           2%         2d6       45%         3
 Iskenderun's Mystic Bla  Conj/Tloc      6%         2d4       75%         4
 Flame Wave               Conj/Fire      2%         2d4       86%         4
 Fulminant Prism          Conj/Hex       1%         3d5       86%         4
 Leda's Liquefaction      Hex/Erth       1%         N/A       86%         4
 Agony                    Necr           2%         N/A       99%         5
 Lee's Rapid Deconstruct  Erth           1%         3d4*      99%         5
 Bombard                  Conj/Erth      1%         9d1       100%        6
 Summon Cactus Giant      Summ           1%         N/A       100%        6


Dungeon Overview and Level Annotations

Branches:
Dungeon (7/15)             Temple (1/1) D:6

Altars:
Ashenzari
Cheibriados
Elyvilon
Fedhas
Gozag
Hepliaklqana
Kikubaaqudgha
Makhleb
Okawaru
Qazlal
Ru
Sif Muna
Trog
Yredelemnul
Zin
The Shining One

Shops:
D:6 :

Annotations:
D:4 1 runed translucent door, exclusion: door, Crazy Yiuf


Innate Abilities, Weirdness & Mutations

You are a hulking beast.
Your limbs bulge with bestial killing power. (Slay +3)
You have sharp claws.
You have razor-sharp teeth.
You have supernaturally acute eyesight. (SInv)
You cover ground quickly. (Speed+)
You are covered in thick fur. (AC +2)
Your paws help you pounce on unaware monsters.
You are incapable of wielding weapons or throwing items.
You cannot wear armour.
You gain extra lives every three experience levels.


Message History

The steam dragon breathes steam at you. The ball of steam misses you.
You scratch the steam dragon but do no damage.
You bite the steam dragon.
The steam dragon is almost dead.
The steam dragon completely misses you. The steam dragon closely misses you.
You scratch the steam dragon.
You bite the steam dragon, but do no damage.
The steam dragon is almost dead.
The steam dragon breathes steam at you. The ball of steam misses you.
A gargoyle comes into view. It is wielding a +0 mace.
The steam dragon closely misses you.
The steam dragon claws you but does no damage.
You claw the steam dragon!
You kill the steam dragon!
Your Spellcasting skill increases to level 3!
You see here 38 gold pieces.
You now have 392 gold pieces (gained 38).
The gargoyle hurls a stone arrow at you.
The stone arrow hits you!!
* * * LOW HITPOINT WARNING * * *
You feel better.
It was a potion of resistance.
You feel protected.
You feel yourself speed up.
You barely miss the gargoyle.
You bite the gargoyle, but do no damage.
You scratch the gargoyle but do no damage.
The gargoyle barely misses you.
You scratch the gargoyle but do no damage.
You bite the gargoyle, but do no damage.
The gargoyle barely misses you.
You scratch the gargoyle but do no damage.
You scratch the gargoyle but do no damage.
The gargoyle hurls a stone arrow at you.
The stone arrow hits you!!
Ouch! That really hurt!
You die...
Your body crumbles into a pile of gold.

##############
#............#
#.##########.#
####.######## #.#
#.h9..........#.###
#.##.##.........>.#
##.##.# #####.#.#..
####...#9# #.#.#.#
♣........##.# #
#.#.# ............#
#.#.# ..#.....#####
#.... ...#...##
###.. .. ##.# ##...


You could see a gargoyle.

Vanquished Creatures
  Sigmund (D:4)
  Eustachio (D:4)
  2 steam dragons (D:7)
  Duvessa (D:5)
  An ice beast (D:6)
  Blork the orc (D:6)
  A bullfrog (D:6)
  4 scorpions (D:5)
  Dowan (D:5)
  A gnoll bouda (D:7)
  2 jellies
  2 hounds (D:4)
  2 orc priests
  An iguana (D:4)
  A sleepcap (D:6)
  Natasha (twice) (D:4)
  4 orc wizards
  A mummy (D:6)
  6 gnolls
  9 adders
  A shadow imp (D:7)
  2 ufetubi
  2 worms
  2 dart slugs
  21 orcs
  5 ball pythons
  4 bats
  A bat zombie (D:4)
  4 endoplasms
  4 giant cockroaches
  8 goblins
  2 hobgoblins
  10 kobolds
  A quokka (D:3)
  3 frilled lizards (D:1)
  5 rats
  A rat zombie (D:4)
120 creatures vanquished.

Notes
Turn   | Place    | Note
-------+----------+-------------------------------------------
     0 | D:1      | avis the Felid Shapeshifter began the quest for the Orb.
     0 | D:1      | Reached XP level 1. HP: 9/9 MP: 2/2
     0 | D:1      | Noticed an ogre
     5 | D:1      | Noticed a barachi
     6 | D:1      | Noticed a vampire
     7 | D:1      | Noticed a ghoul
     8 | D:1      | Noticed a gargoyle
     9 | D:1      | Noticed a formicid
    11 | D:1      | Noticed a spriggan
    13 | D:1      | Noticed a tengu
    15 | D:1      | Noticed a minotaur
    15 | D:1      | Noticed a vine stalker
    15 | D:1      | Noticed a ghoul
    17 | D:1      | Noticed a demigod
    17 | D:1      | Noticed a merfolk
    19 | D:1      | Noticed a dwarf
    19 | D:1      | Noticed a dwarf
   301 | D:1      | Reached skill level 1 in Stealth
   362 | D:1      | Reached XP level 2. HP: 9/13 MP: 3/3
   399 | D:1      | Reached skill level 3 in Dodging
   902 | D:2      | Reached XP level 3. HP: 10/16 MP: 4/4
  1601 | D:2      | Learned a level 2 spell: Blink
  1696 | D:3      | Slain by an orc
  1697 | D:3      | Found a glowing golden altar of the Shining One.
  1697 | D:3      | Found a glowing silver altar of Zin.
  1697 | D:3      | Found a white marble altar of Elyvilon.
  1767 | D:3      | Reached XP level 4. HP: 14/19 MP: 5/5
  2295 | D:3      | Reached skill level 5 in Shapeshifting
  2310 | D:3      | Reached XP level 5. HP: 22/22 MP: 6/6
  2700 | D:4      | Splashed by a jelly's acid
  2912 | D:4      | Noticed Eustachio
  2921 | D:4      | Killed Eustachio
  2922 | D:4      | Reached skill level 4 in Dodging
  2922 | D:4      | Gained mutation: You are covered in thick fur. (AC +2)
                  | [Felid growth]
  2922 | D:4      | Reached XP level 6. HP: 28/28 MP: 7/7
  3037 | D:4      | Found a sacrificial altar of Ru.
  3043 | D:4      | Noticed Sigmund
  3069 | D:4      | Killed Sigmund
  3070 | D:4      | Reached skill level 5 in Dodging
  3070 | D:4      | Reached skill level 5 in Stealth
  3070 | D:4      | Reached XP level 7. HP: 26/31 MP: 8/8
  3121 | D:4      | Reached skill level 6 in Dodging
  3244 | D:4      | Found an ancient bone altar of Kikubaaqudgha.
  3308 | D:4      | Killed from afar by an orc priest
  3576 | D:4      | Noticed Natasha
  3583 | D:4      | Killed Natasha
  3682 | D:4      | Noticed Natasha
  3688 | D:4      | Killed Natasha
  3719 | D:4      | Found a runed translucent door.
  3720 | D:4      | Noticed Crazy Yiuf
  3814 | D:5      | Entered Level 5 of the Dungeon
  3930 | D:5      | Reached skill level 1 in Translocations
  3964 | D:5      | Found an iron altar of Okawaru.
  4205 | D:5      | Found a basalt altar of Yredelemnul.
  4338 | D:5      | Reached skill level 5 in Fighting
  4473 | D:5      | Noticed Duvessa
  4473 | D:5      | Noticed Dowan
  4748 | D:5      | Reached skill level 7 in Dodging
  4748 | D:5      | Reached XP level 8. HP: 29/37 MP: 9/9
  4851 | D:5      | Killed Duvessa
  4864 | D:5      | Killed Dowan
  4990 | D:6      | Found a staircase to the Ecumenical Temple.
  4996 | Temple   | Entered the Ecumenical Temple
  5006 | Temple   | Became a worshipper of Gozag Ym Sagoz the Greedy
  5067 | D:6      | Reached skill level 8 in Dodging
  5185 | D:6      | Found a snail-covered altar of Cheibriados.
  5390 | D:6      | Found Ecuqolaj's Book Shoppe.
  5483 | D:6      | Reached skill level 9 in Dodging
  5605 | D:6      | Noticed Blork the orc
  5627 | D:6      | Killed Blork the orc
  5628 | D:6      | Reached skill level 1 in Spellcasting
  5690 | D:6      | Found a broken altar of Ashenzari.
  5843 | D:7      | Found a stormy altar of Qazlal.
  6074 | D:7      | HP: 1/38 [gnoll bouda/+0 club (10)]
  6172 | D:7      | Noticed a gargoyle
  6189 | D:7      | Killed from afar by a gargoyle

Illustrated notes

Levels and vault maps discovered:
D:1:      shiori_arrival_whats_in_store_for_you, layout_basic,
          serial_bayou_pond_d
D:2:      layout_basic
D:3:      layout_basic, dreamdust_divine_triumvirate
D:4:      layout_loops_ring, mainiacjoe_overflow_alcove_2,
          lemuel_zombie_altar_kikubaaqudgha, kennysheep_generic_room_4,
          uniq_crazy_yiuf_cottage, uniq_eustachio, uniq_natasha, uniq_sigmund
D:5:      layout_loops_corners, okawaru_gym_becter, lemuel_round_altar,
          uniq_duvessa
D:6:      layout_loops_ring, slow_altar_1, general_overflow_altar,
          minmay_temple_entry_grid, serial_shops,
          nicolae_shop_tiny_real_fake_doors, uniq_blork_the_orc
D:7:      layout_loops_ring, nicolae_qazlal_scattered_showers, enter_bailey_8,
          serial_demonic, serial_demonic_a, serial_demonic_e, serial_demonic_f,
          serial_demonic_g, serial_demonic_g, serial_demonic_g,
          minmay_misc_feat_x, hangedman_decor_growths, grunt_decor_cap,
          chequers_serial_rivers_small_a
Temple:   nicolae_temple_two_arcs

Skill      XL: |  1  2  3  4  5  6  7  8 |
---------------+-------------------------+-----
Stealth        | 1 2 3 4 5 6 |  6.0
Fighting       | 2 3 5 6 |  6.0
Dodging        | 3 4 5 7 9 |  9.0
Shapeshifting  | 4 5 |  5.3
Translocations | 1 2 |  2.0
Spellcasting   | 3 |  3.1
Unarmed Combat | |  3.0

Action                     |  1- 3 |  4- 6 |  7- 9 || total
---------------------------+-------+-------+-------++-------
  Melee: Unarmed           |    82 |    88 |   188 ||   358
         Bite              |     4 |    13 |    24 ||    41
         Punch             |     3 |     3 |     5 ||    11
    Use: Potion            |       |     1 |     6 ||     7
         Scroll            |       |       |     6 ||     6
   Stab: Sleeping          |     6 |     5 |    12 ||    23
         Distracted        |       |     1 |     1 ||     2
 Armour: Skin              |    21 |    26 |    44 ||    91
  Dodge: Dodged            |    52 |    45 |   143 ||   240

Table legend: (Time is in decaauts)
 A = Elapsed time spent in this place.
 B = Non-inter-level travel time spent in this place.
 C = Inter-level travel time spent in this place.
 D = Time resting spent in this place.
 E = Time spent auto-exploring this place.
 F = Levels seen in this place.
 G = Mean time per level.
                   A        B        C        D        E       F      G
               +--------+--------+--------+--------+--------+-----+--------+
         Total |   5161 |   4691 |    470 |    510 |   2588 |   8 |  645.1 |
       Dungeon |   5143 |   4673 |    470 |    510 |   2588 |   7 |  734.7 |
        Temple |     18 |     18 |      0 |      0 |      0 |   1 |   18.0 |
               +--------+--------+--------+--------+--------+-----+--------+

Top non-repeatable levels by time:
     D:4: 974 daAuts
     D:5: 888 daAuts
     D:3: 863 daAuts
     D:2: 834 daAuts
     D:6: 743 daAuts
     D:1: 579 daAuts
     D:7: 259 daAuts
  Temple: 18 daAuts
